 Dungeon Crawl Stone Soup version 0.21-a0-401-g0b6bec4 (webtiles) character file.

4909 Charmandara the Basher (level 10, -3/96 HPs)
             Began as a Ghoul Wanderer on Oct 23, 2017.
             Was a Believer of Ru.
             Slain by WiseOSalty's ghost (15 damage)
             ... in a bailey.
             The game lasted 00:39:22 (10523 turns).

Charmandara the Basher (Ghoul Wanderer)            Turns: 10523, Time: 00:39:22

Health: -3/96      AC: 15    Str: 19    XL:     10   Next: 51%
Magic:  9/9        EV: 10    Int:  8    God:    Ru [**....]
Gold:   476        SH:  0    Dex: 11    Spells: 9/9 levels left

rFire    + . .     SeeInvis .   a - +2 whip (elec)
rCold    + + .     Gourm    .   (no shield)
rNeg     + + +     Faith    .   P - +5 ring mail of the Valley of Death {rC+ rCorr Dex+3}
rPois    ∞         Spirit   .   m - +2 hat
rElec    .         Reflect  .   L - +0 cloak {+Inv}
rCorr    +         Harm     +   (no gloves)
MR       .....                  o - +0 pair of boots
Stlth    +.........             q - amulet of harm
HPRegen  0.00/turn              K - ring of protection from fire {rF+, !d}
MPRegen  0.11/turn              y - ring of wizardry {Wiz+, !d}

@: flying, very slightly contaminated, rotting
A: rotting body, claws 1, carnivore 3, cold resistance 1, negative energy
resistance 3, inhibited regeneration, torment resistance, unbreathing,
inexperienced 1
a: Renounce Religion, Evoke Invisibility


You were in a bailey.
You worshipped Ru.
Ru was pleased with you.
You were not hungry.

You visited 2 branches of the dungeon, and saw 11 of its levels.
You also visited: Bailey.

You collected 476 gold pieces.

Inventory:

Hand Weapons
 a - a +2 whip of electrocution (weapon)
   (You took it off Pikel on level 5 of the Dungeon)
 b - a +0 arbalest
   (You found it in a bailey)
 w - a +1 flail of protection
   (You took it off Edmund on level 5 of the Dungeon)
 x - a +0 blowgun
 J - a +1 great mace
   (You found it on level 8 of the Dungeon)
Missiles
 c - 15 poisoned needles
 g - 65 sling bullets
 j - 298 stones (quivered)
 n - 190 bolts
 t - 120 arrows
 A - 4 needles of confusion
 T - 2 curare-tipped needles
Armour
 m - a +2 hat (worn)
   (You found it on level 5 of the Dungeon)
 o - a +0 pair of boots (worn)
   (You found it on level 2 of the Dungeon)
 u - the +1 plate armour "Nojacoh" {rPois rCorr}
   (You found it on level 10 of the Dungeon)

   It protects you from poison.
   It protects you from acid and corrosion.
 L - a +0 cloak of invisibility (worn)
   (You took it off Crazy Yiuf on level 4 of the Dungeon)
 N - a +0 plate armour
   (You took it off a goblin on level 2 of the Dungeon)
 P - the +5 ring mail of the Valley of Death (worn) {rC+ rCorr Dex+3}
   (You found it on level 6 of the Dungeon)

   It affects your dexterity (+3).
   It protects you from cold.
   It protects you from acid and corrosion.
Jewellery
 q - an amulet of harm (around neck)
   (You found it on level 4 of the Dungeon)
 v - an uncursed ring of teleportation {+/*tele, !d}
   (You took it off an orc on level 4 of the Dungeon)
 y - a ring of wizardry (right claw) {Wiz+, !d}
   (You found it on level 4 of the Dungeon)
 K - a ring of protection from fire (left claw) {rF+, !d}
   (You found it on level 5 of the Dungeon)
Wands
 s - a wand of iceblast (0/15)
   (You found it on level 9 of the Dungeon)
 B - a wand of confusion (6/48)
   (You took it off an orc wizard on level 8 of the Dungeon)
 C - a wand of digging (12/24)
   (You took it off Pikel on level 5 of the Dungeon)
 H - a wand of lightning (7/15)
   (You found it on level 8 of the Dungeon)
 Q - a wand of scattershot (0/9)
   (You found it on level 7 of the Dungeon)
 V - a wand of polymorph (6/24)
   (You found it on level 8 of the Dungeon)
Scrolls
 d - 9 scrolls of teleportation
 e - a scroll of recharging
 i - a scroll of amnesia
 z - 3 scrolls of remove curse
Potions
 r - a potion of resistance
 D - a potion of brilliance
 I - a potion of curing
Comestibles
 f - 7 meat rations {@e2}
 h - 7 royal jellies


   Skills:
 - Level 11.4 Fighting
 - Level 12.6 Maces & Flails
 - Level 2.1 Throwing
 + Level 3.2 Armour


You had 9 spell levels left.
You didn't know any spells.

Dungeon Overview and Level Annotations

Branches:
Dungeon (10/15)            Temple (1/1) D:7            Lair (0/6) D:8
    Orc: D:9-12

Altars:
Ashenzari
Cheibriados
Dithmenos
Fedhas
Gozag
Hepliaklqana
Kikubaaqudgha
Makhleb
Nemelex Xobeh
Okawaru
Qazlal
Ru
Sif Muna
Trog
Uskayaw
Vehumet
Wu Jian
Xom
Yredelemnul
Zin
The Shining One

Annotations:
Bailey WiseOSalty's ghost, novice HaFi


Innate Abilities, Weirdness & Mutations

Your body is rotting away.
You thrive on raw meat.
You are immune to poison.
You have sharp fingernails.
You are carnivorous and can eat meat at any time.
Your flesh is cold resistant. (rC+)
You are immune to negative energy. (rN+++)
You do not regenerate when monsters are visible.
You are immune to unholy pain and torment.
You can survive without breathing.
You are somewhat inexperienced. (-2 XL)


Message History

Aim: WiseOSalty's ghost, wielding a weapon of flaming (lightly damaged, confused)
The burst of metal fragments hits WiseOSalty's ghost. x4
Evoking this partially-identified wand wasted a few charges.
Unknown command.
Aim: WiseOSalty's ghost, wielding a weapon of flaming (lightly damaged, confused)
The burst of metal fragments hits WiseOSalty's ghost. x3
Evoking this partially-identified wand wasted a few charges.
Unknown command.
Aim: WiseOSalty's ghost, wielding a weapon of flaming (moderately damaged, confused) Nothing appears to happen.
Unknown command.
WiseOSalty's ghost is stunned by your will and fails to attack.
Unknown command.
You hit WiseOSalty's ghost but do no damage.
WiseOSalty's ghost hits you!
* * * LOW HITPOINT WARNING * * *
WiseOSalty's ghost burns you.
* * * LOW HITPOINT WARNING * * *
You take 11 damage, and have 12/96 hp.
Unknown command.
You feel better.
You regained 9 hp, and now have 21/96 hp.
Unknown command.
Unknown command.
You barely miss WiseOSalty's ghost.
You hit WiseOSalty's ghost but do no damage.
You strike the helpless WiseOSalty's ghost from behind!
You hit WiseOSalty's ghost but do no damage.
Lightning courses through WiseOSalty's ghost!
You barely miss WiseOSalty's ghost.
You hit WiseOSalty's ghost but do no damage.
You whack WiseOSalty's ghost!
Unknown command.
WiseOSalty's ghost seems less confused.
WiseOSalty's ghost hits you but does no damage.
Unknown command.
Okay, then.
Okay, then.
Okay, then.
Okay, then.
Put on which piece of jewellery? (? for menu, Esc to quit)
Okay, then.
There is a gate leading back out of this place here.
Really read
k - 2 scrolls of blinking {!r}?
Blink to where?
You are very lightly contaminated with residual magic.
As you read the scroll of blinking {!r}, it crumbles to dust.
Wield which item (- for none, * to show all)? (? for menu, Esc to quit)
Okay, then.
Unknown command.
Wield which item (- for none, * to show all)? (? for menu, Esc to quit)
Your +2 whip of electrocution stops crackling.
b - a +0 arbalest (weapon)
Aim: WiseOSalty's ghost, wielding a weapon of flaming (heavily damaged)
You shoot a bolt.
The bolt barely misses WiseOSalty's ghost.
Aim: WiseOSalty's ghost, wielding a weapon of flaming (heavily damaged)
You shoot a bolt. The bolt hits WiseOSalty's ghost.
Aim: WiseOSalty's ghost, wielding a weapon of flaming (heavily damaged)
You shoot a bolt.
The bolt barely misses WiseOSalty's ghost.
WiseOSalty's ghost hits you.
* * * LOW HITPOINT WARNING * * *
You take 7 damage, and have 14/96 hp.
Unknown command.
Wield which item (- for none, * to show all)? (? for menu, Esc to quit)
Okay, then.
You hear the crackle of electricity.
a - a +2 whip of electrocution (weapon)
WiseOSalty's ghost hits you.
* * * LOW HITPOINT WARNING * * *
You take 3 damage, and have 11/96 hp.
Unknown command.
Unknown command.
Okay, then.
You start to feel less resistant.
Unknown command.
Your resistance to elements expires.
WiseOSalty's ghost says, "You cannot hurt me!"
Okay, then.
Okay, then.
Okay, then.
Okay, then.
Okay, then.
There is a gate leading back out of this place here.
Okay, then.
Really read
k - a scroll of blinking {!r}?
Blink to where?
As you read the scroll of blinking {!r}, it crumbles to dust.
Unknown command.
You feel very buoyant.
You fly up into the air.
You start resting.
Unknown command.
WiseOSalty's ghost is nearby!
You start resting.
Here: WiseOSalty's ghost, wielding a weapon of flaming (moderately damaged)
The floor.
WiseOSalty's ghost hits you!
You die...

#................)..........
#...........................
#...........................
#..........................)
#......................)....
#.......≈≈≈≈≈...............
#......≈≈#.#≈≈..............
#......≈##W##≈..............
#......≈..^@.≈..............
#......≈##.##≈..............
#......≈≈#.#≈≈......###.....
#.......≈≈≈≈≈....#### ####..
#...............## ##.
#..............## ##
#..............# #
#........... .## #
#..........


You could see WiseOSalty's ghost.

Vanquished Creatures
  2 two-headed ogres
  Pikel (D:5)
  3 kobold demonologists (D:10)
  A troll (D:10)
  Grinder (D:5)
  A hippogriff (D:7)
  2 wyverns
  Eustachio (D:4)
  A human (D:7)
  4 hogs
  A warg (D:8)
  Edmund (D:5)
  Duvessa (D:6)
  2 porcupines (D:8)
  2 water moccasins
  6 orc warriors
  A swamp drake (Bailey)
  3 ice beasts
  A sky beast (D:6)
  2 black bears
  An ogre (D:8)
  2 phantoms
  A necrophage (D:6)
  A centaur (D:5)
  A crocodile (D:7)
  5 bullfrogs
  5 scorpions
  Dowan (D:6)
  A water moccasin skeleton (D:5)
  8 wights
  A howler monkey (D:8)
  A jelly (D:8)
  3 crimson imps
  2 quasits
  3 hounds
  A centaur skeleton (D:8)
  7 orc priests
  Crazy Yiuf (D:4)
  A bullfrog skeleton (D:4)
  An iguana (D:7)
  4 worker ants
  14 orc wizards
  A hound skeleton (D:7)
  Robin (D:2)
  A worker ant zombie (D:6)
  8 adders
  2 shadow imps
  An ooze (D:6)
  2 adder zombies (D:8)
  2 worms (D:4)
  A dart slug (D:1)
  5 leopard geckos
  29 orcs
  2 giant cockroaches
  4 hobgoblins
  20 jackals
  3 quokkas
  4 bats
  3 frilled lizards
  17 goblins
  A jackal skeleton (D:4)
  10 kobolds
  A leopard gecko zombie (D:5)
  4 rats
224 creatures vanquished.

Vanquished Creatures (others)
  2 slaves (D:5)
  A crimson imp (D:5)
  An orc (D:5)
  4 fungi (D:8)
8 creatures vanquished.

Grand Total: 232 creatures vanquished

Notes
Turn   | Place    | Note
-------+----------+-------------------------------------------
     0 | D:1      | Charmandara the Ghoul Wanderer began the quest for the Orb.
     0 | D:1      | Charmandara set off with: a +2 scale mail, a scroll of teleportation, 8 poisoned needles, a +0 blowgun, a meat ration {@e2}
     0 | D:1      | Reached XP level 1. HP: 19/19 MP: 0/0
   214 | D:1      | Reached skill level 2 in Throwing
   367 | D:1      | Reached XP level 2. HP: 25/25 MP: 1/1
   381 | D:1      | Reached skill level 3 in Maces & Flails
  1066 | D:2      | Noticed Robin
  1111 | D:1      | Reached XP level 3. HP: 22/31 MP: 2/2
  1621 | D:2      | Killed Robin
  1621 | D:2      | Reached skill level 4 in Maces & Flails
  1624 | D:2      | Reached XP level 4. HP: 15/38 MP: 3/3
  2262 | D:3      | Reached XP level 5. HP: 25/45 MP: 4/4
  2287 | D:3      | Reached skill level 5 in Maces & Flails
  3081 | D:4      | Reached XP level 6. HP: 47/51 MP: 5/5
  3296 | D:4      | Found a runed door.
  3359 | D:4      | Reached skill level 6 in Maces & Flails
  3583 | D:4      | Noticed Eustachio
  3675 | D:5      | Entered Level 5 of the Dungeon
  3709 | D:5      | Found a hazy altar of Hepliaklqana.
  3710 | D:5      | Noticed Edmund
  3771 | D:5      | Killed Edmund
  3772 | D:5      | HP: 11/51 [centaur/arrow (7)]
  3772 | D:5      | HP: 5/51 [centaur/arrow (6)]
  3777 | D:5      | Reached skill level 7 in Maces & Flails
  3777 | D:5      | Reached XP level 7. HP: 14/57 MP: 6/6
  3799 | D:5      | Noticed Pikel
  4344 | D:5      | HP: 12/57 [orc/flail (4)]
  4346 | D:5      | Killed Pikel
  4346 | D:5      | Reached skill level 8 in Maces & Flails
  4346 | D:5      | Reached XP level 8. HP: 11/63 MP: 7/7
  4750 | D:5      | Noticed Grinder
  4754 | D:5      | Killed Grinder
  4754 | D:5      | Reached skill level 9 in Maces & Flails
  5100 | D:5      | Reached skill level 10 in Maces & Flails
  5298 | D:4      | Killed Eustachio
  5379 | D:4      | Noticed Crazy Yiuf
  5383 | D:4      | Killed Crazy Yiuf
  5434 | D:6      | Noticed Duvessa
  5434 | D:6      | Noticed Dowan
  5532 | D:6      | Reached XP level 9. HP: 68/68 MP: 8/8
  5761 | D:6      | Got a steaming ring mail
  5789 | D:6      | Identified the +5 ring mail of the Valley of Death {rC+ rCorr Dex+3} (You found it on level 6 of the Dungeon)
  5840 | D:6      | Killed Dowan
  5845 | D:6      | Killed Duvessa
  5845 | D:6      | Reached skill level 11 in Maces & Flails
  6148 | D:6      | Found a sparkling altar of Nemelex Xobeh.
  6162 | D:6      | Found a deep blue altar of Sif Muna.
  6461 | D:7      | Reached skill level 12 in Maces & Flails
  6520 | D:7      | Found a glowing golden altar of the Shining One.
  6525 | D:7      | Found a radiant altar of Vehumet.
  6558 | D:7      | Found a glowing golden altar of the Shining One.
  6568 | D:7      | Found a hide-covered altar of Uskayaw.
  6610 | D:7      | Reached XP level 10. HP: 67/77 MP: 9/9
  6714 | D:7      | Reached skill level 4 in Fighting
  7225 | D:7      | Found a staircase to the Ecumenical Temple.
  7234 | Temple   | Entered the Ecumenical Temple
  7333 | Temple   | Became a worshipper of Ru the Awakened
  7425 | D:8      | Reached skill level 5 in Fighting
  7617 | D:8      | Reached skill level 6 in Fighting
  7772 | D:8      | Reached skill level 7 in Fighting
  7930 | D:8      | HP: 13/85 [warg (13)]
  7938 | D:8      | HP: 17/86 [warg (10)]
  8148 | D:8      | Found a staircase to the Lair.
  8242 | D:8      | Reached skill level 8 in Fighting
  8535 | D:9      | Gained mutation: You are somewhat inexperienced. (-2 XL) [Ru sacrifice]
  8535 | D:9      | Reached XP level 9. HP: 82/82 MP: 8/8
  8535 | D:9      | Reached XP level 8. HP: 75/75 MP: 7/7
  8535 | D:9      | Reached * piety under Ru
  8535 | D:9      | Reached ** piety under Ru
  8544 | D:9      | Found an iron altar of Okawaru.
  8961 | D:9      | Noticed a two-headed ogre
  9015 | D:9      | Killed a two-headed ogre
  9015 | D:9      | Reached skill level 9 in Fighting
  9015 | D:9      | Reached XP level 9. HP: 84/84 MP: 8/8
  9262 | D:10     | Entered Level 10 of the Dungeon
  9343 | D:10     | Noticed a troll
  9356 | D:10     | Killed a troll
  9356 | D:10     | Reached skill level 10 in Fighting
  9376 | D:10     | Noticed a two-headed ogre
  9395 | D:10     | Killed a two-headed ogre
  9399 | D:10     | Reached XP level 10. HP: 87/94 MP: 9/9
  9412 | D:10     | Noticed a kobold demonologist
  9414 | D:10     | Noticed a kobold demonologist
  9431 | D:10     | Killed a kobold demonologist
  9431 | D:10     | Reached skill level 11 in Fighting
  9432 | D:10     | Killed a kobold demonologist
  9433 | D:10     | Noticed a kobold demonologist
  9437 | D:10     | Killed a kobold demonologist
  9511 | D:10     | Got a faintly glowing plate armour
  9567 | D:10     | Found a flagged portal.
  9599 | D:10     | Identified the cursed +1 plate armour "Nojacoh" {rPois rCorr} (You found it on level 10 of the Dungeon)
  9611 | Bailey   | Entered a bailey
  9634 | Bailey   | Reached skill level 2 in Armour
  9799 | Bailey   | HP: 19/96 [orc warrior/bolt (13)]
 10414 | Bailey   | Reached skill level 3 in Armour
 10421 | Bailey   | Noticed WiseOSalty's ghost (novice HaFi)
 10436 | Bailey   | HP: 23/96 [WiseOSalty's ghost (8)]
 10457 | Bailey   | HP: 13/96 [WiseOSalty's ghost (10)]
 10477 | Bailey   | HP: 14/96 [WiseOSalty's ghost (7)]
 10523 | Bailey   | Slain by WiseOSalty's ghost

Vault maps used:
D:1:      erik_arrival_cave_to_civilisation, st_stairs_13
D:2:      uniq_robin
D:4:      first_bread, hangedman_decor_diamond_cutter, uniq_eustachio,
          uniq_crazy_yiuf_cottage
D:5:      old_standard_altar, kennysheep_cross_bottleneck, uniq_edmund,
          uniq_grinder, uniq_pikel
D:6:      grunt_temple_overflow_open, kennysheep_nondescript,
          nicolae_zen_rock_garden, uniq_duvessa
D:7:      minitemple, minmay_temple_entry_poolview, basic_altar,
          grunt_livestock, st_stairs_8
D:8:      cheibrodos_barr_body, grunt_lair_entry_orc_guard_hut
D:9:      basic_altar
D:10:     enter_bailey_3
Temple:   eino_temple_rhombus
Bailey:   bailey_polearm_2, bailey

Skill      XL: |  1  2  3  4  5  6  7  8  9 10 |
---------------+-------------------------------+-----
Throwing       | 2 |  2.1
Maces & Flails | 3 4 5 7 8 10 12 | 12.6
Fighting       | 9 10 11 | 11.4
Armour         | 3 |  3.2

Action                   |  1- 3 |  4- 6 |  7- 9 | 10-12 || total
-------------------------+-------+-------+-------+-------++-------
Melee: Mace              |   113 |    79 |       |       ||   192
       Flail             |       |    40 |    43 |       ||    83
       Whip              |       |   105 |   219 |   317 ||   641
 Fire: Blowgun           |     7 |    12 |    16 |    37 ||    72
       Arbalest          |       |       |       |    20 ||    20
Throw: Stone             |       |       |     1 |       ||     1
Invok: Sacrifice Experie |       |       |     1 |       ||     1
 Abil: Evoke Invisibilit |       |       |       |     1 ||     1
Evoke: Wand              |       |       |    12 |    17 ||    29
  Use: Potion            |       |     5 |     2 |     6 ||    13
       Scroll            |       |     7 |    10 |     7 ||    24
 Stab: Invisible         |       |       |     1 |     1 ||     2
       Confused          |       |       |     1 |     1 ||     2
  Eat: Chunk             |     7 |     6 |    18 |    17 ||    48
Armor: Scale mail        |    85 |   103 |    72 |       ||   260
       Ring mail         |       |       |    49 |   106 ||   155
Dodge: Dodged            |    69 |    89 |    82 |   111 ||   351

Table legend:
 A = Spawn XP
 B = Non-spawn XP
 C = Spawn XP percentage of total XP
 D = Spawn monster count
 E = Non-spawn monster count
 F = Spawn count percentage of total count
 G = Total turns spent on level
                    A         B        C        D         E        F      G
               +---------+---------+-------+---------+---------+-------+---------
         Total |       0 |   12760 |   0.0 |       0 |     225 |   0.0 | 10523
               +---------+---------+-------+---------+---------+-------+---------
           D:1 |       0 |      51 |   0.0 |       0 |      22 |   0.0 |  1526
           D:2 |       0 |      35 |   0.0 |       0 |      11 |   0.0 |   440
           D:3 |       0 |     126 |   0.0 |       0 |      20 |   0.0 |   834
           D:4 |       0 |     496 |   0.0 |       0 |      15 |   0.0 |  1605
           D:5 |       0 |    1773 |   0.0 |       0 |      21 |   0.0 |  1227
           D:6 |       0 |    1154 |   0.0 |       0 |      19 |   0.0 |   783
           D:7 |       0 |    1857 |   0.0 |       0 |      23 |   0.0 |   881
           D:8 |       0 |    2143 |   0.0 |       0 |      46 |   0.0 |  1003
           D:9 |       0 |    1090 |   0.0 |       0 |      10 |   0.0 |   852
          D:10 |       0 |    3038 |   0.0 |       0 |      30 |   0.0 |   349
        Bailey |       0 |     997 |   0.0 |       0 |       8 |   0.0 |   912
               +---------+---------+-------+---------+---------+-------+---------

Vault maps used:
D:1:      erik_arrival_cave_to_civilisation, st_stairs_13
D:2:      uniq_robin
D:4:      first_bread, hangedman_decor_diamond_cutter, uniq_eustachio,
          uniq_crazy_yiuf_cottage
D:5:      old_standard_altar, kennysheep_cross_bottleneck, uniq_edmund,
          uniq_grinder, uniq_pikel
D:6:      grunt_temple_overflow_open, kennysheep_nondescript,
          nicolae_zen_rock_garden, uniq_duvessa
D:7:      minitemple, minmay_temple_entry_poolview, basic_altar,
          grunt_livestock, st_stairs_8
D:8:      cheibrodos_barr_body, grunt_lair_entry_orc_guard_hut
D:9:      basic_altar
D:10:     enter_bailey_3
Temple:   eino_temple_rhombus
Bailey:   bailey_polearm_2, bailey

Table legend:
 A = Turns spent in this place as a percentage of turns spent in the entire game.
 B = Non-inter-level travel turns spent in this place as a percentage of non-inter-level travel turns spent in the entire game.
 C = Inter-level travel turns spent in this place as a percentage of turns spent in this place.
 D = Turns resting spent in this place as a percentage of non-inter-level travel turns spent in this place.
 E = Turns spent auto-exploring this place as a percentage of non-inter-level travel turns spent in this place.
 F = Non-inter-level travel turns spent in this place divided by the number of levels of this place that you've seen.
                   A       B       C       D       E      F
               +-------+-------+-------+-------+-------+----------------------
         Total | 100.0 | 100.0 |   5.6 |  20.5 |  48.9 | 827.6
       Dungeon |  90.3 |  89.8 |   6.1 |  16.9 |  53.3 | 891.8
        Temple |   1.1 |   1.0 |   9.0 |   0.0 |  87.1 | 101.0
        Bailey |   8.7 |   9.2 |   0.0 |  58.0 |   1.1 | 912.0
               +-------+-------+-------+-------+-------+----------------------

Table legend:
 A = Kills in this place as a percentage of kills in entire the game.
 B = Kills by you in this place as a percentage of kills by you in the entire game.
 C = Kills by friends in this place as a percentage of kills by friends in the entire game.
 D = Other kills in this place as a percentage of other kills in the entire game.
 E = Experience gained in this place as a percentage of experience gained in the entire game.
 F = Experience gained in this place divided by the number of levels of this place that you have seen.
                   A       B       C       D       E      F
               +-------+-------+-------+-------+-------+----------------------
         Total | 100.0 | 100.0 |   N/A | 100.0 | 100.0 | 1063.3
       Dungeon |  96.4 |  97.3 |   N/A |  33.3 |  92.2 | 1176.3
        Bailey |   3.6 |   2.7 |   N/A |  66.7 |   7.8 | 997.0
               +-------+-------+-------+-------+-------+----------------------
